AoeStats
← Kurzen

Pilgrims

507812778Analyzed
4v4 RM · 12d ago on Sep 19, 2026· 51m 40s· 8 players
Game mode
Random Map
Map size
Large (8 player)
Population
200
Speed
Normal
Resources
Standard
Victory
Conquest
Starting age
Dark Age
Ending age
Imperial Age
RankedLock teamsTeams togetherTeam positionsShared explorationLock speedFull tech treeHidden civsTurbo modeCheats
Victory
Defeat
🇫🇷 Byzantines · France
1012
+17
🇫🇷 Koreans · France
1003
+17
🇫🇷 Spanish · France
988
+18
🇫🇷 Vietnamese · France
957
+19
🇫🇷 Vietnamese · France
1066
-19
🇫🇷 Vikings · France
1026
-18
🇫🇷 Teutons · France
1005
-17
🇦🇷 Franks · Argentina
1003
-17
Maître Cho
3:33 Loom
12:22 Feudal Age
19:02 Double-Bit Axe
19:08 Town Watch
19:55 Horse Collar
22:28 Castle Age
22:06 Fletching
24:07 Scale Mail Armor
24:18 Forging
24:17 Bodkin Arrow
24:29 Scale Barding Armor
24:13 Pikeman
27:01 Medium Warships
27:28 Chain Mail Armor
27:52 Squires
28:53 Iron Casting
30:08 Bow Saw
30:33 Ballistics
30:11 Murder Holes
32:06 Elite Skirmisher
35:02 Heavy Plow
39:03 Masonry
41:36 Fortified Wall
44:15 Fishing Lines
45:05 Chieftains
45:49 Gillnets
Kurzen
8:45 Loom
15:00 Feudal Age
16:20 Double-Bit Axe
16:27 Gold Mining
16:30 Stone Mining
17:17 Wheelbarrow
20:34 Castle Age
20:00 Padded Archer Armor
21:47 Leather Archer Armor
23:32 Bow Saw
23:32 Horse Collar
24:17 Fletching
24:44 Gold Mining
26:27 Bodkin Arrow
27:01 Ballistics
29:08 Elite Skirmisher
36:44 Imperial Age
36:10 Hand Cart
37:32 Bracer
39:41 Chemistry
40:13 Thumb Ring
41:12 Heavy Plow
42:26 Imperial Skirmisher
44:13 Ring Archer Armor
47:24 Paper Money
Rislo69
12:04 Feudal Age
16:56 Castle Age
16:16 Stone Mining
16:17 Double-Bit Axe
16:18 Horse Collar
30:00 Imperial Age
27:17 Town Watch
28:56 Wheelbarrow
28:07 Loom
31:20 Bloodlines
32:04 Caravan
32:30 Cavalier
34:34 Forging
34:30 Scale Barding Armor
35:43 Bow Saw
35:38 Heavy Plow
39:49 Paladin
40:40 Paladin
42:08 Iron Casting
41:54 Chain Barding Armor
43:17 Conscription
44:54 Pikeman
45:35 Squires
45:21 Arson
47:33 Scale Mail Armor
47:34 Padded Archer Armor
48:02 Halberdier
48:15 Elite Skirmisher
jhonzx_11
14:23 Feudal Age
19:35 Castle Age
18:11 Double-Bit Axe
18:19 Stone Mining
21:09 Wheelbarrow
25:04 Hand Cart
28:21 Gold Mining
28:43 Bow Saw
32:19 Husbandry
32:28 Scale Barding Armor
32:34 Forging
35:17 Imperial Age
34:41 Gold Shaft Mining
34:48 Iron Casting
34:33 Chain Barding Armor
35:19 Cavalier
36:02 Chivalry
36:22 Conscription
36:40 Paladin
39:27 Blast Furnace
40:39 Chemistry
41:26 Plate Barding Armor
40:47 Pikeman
41:28 Squires
41:54 Halberdier
42:58 Scale Mail Armor
42:59 Padded Archer Armor
44:57 Fortified Wall
GIPS
6:53 Loom
12:12 Feudal Age
17:04 Wheelbarrow
19:11 Castle Age
18:57 Horse Collar
19:12 Gold Mining
19:13 Stone Mining
19:32 Double-Bit Axe
20:51 Bow Saw
20:40 Fletching
24:06 Heavy Plow
24:09 Bodkin Arrow
24:32 Town Watch
25:03 Hand Cart
25:39 Stone Shaft Mining
26:36 Gold Shaft Mining
28:09 Ballistics
28:57 Thumb Ring
30:39 Husbandry
36:58 Imperial Age
35:45 Masonry
38:22 Conscription
39:07 Bracer
40:39 Chemistry
39:48 Siege Engineers
40:22 Elite War Wagon
43:22 Town Patrol
44:45 Guilds
46:33 Two-Man Saw
48:10 Architecture
chevinounet
13:39 Feudal Age
11:55 Loom
15:12 Double-Bit Axe
15:37 Horse Collar
16:53 Wheelbarrow
17:54 Town Watch
24:04 Castle Age
22:18 Scale Barding Armor
22:24 Forging
22:23 Gold Mining
22:23 Stone Mining
22:53 Fletching
24:06 Padded Archer Armor
25:51 Hand Cart
26:34 Medium Warships
28:24 Leather Archer Armor
28:06 Bodkin Arrow
35:12 Imperial Age
35:36 Capped Ram
36:39 Conscription
36:37 Heavy Plow
37:12 Bow Saw
39:34 Pikeman
40:15 Squires
40:27 Scale Mail Armor
41:03 Iron Casting
42:14 Chain Mail Armor
43:39 Blast Furnace
45:20 Caravan
44:59 Halberdier
46:20 Gambesons
46:21 Arson
Michel
7:34 Loom
10:53 Loom
13:52 Feudal Age
14:53 Double-Bit Axe
16:31 Horse Collar
17:22 Gold Mining
19:11 Fletching
26:01 Castle Age
24:17 Stone Mining
26:14 Wheelbarrow
25:47 Padded Archer Armor
26:20 Crossbowman
27:26 Bow Saw
28:43 Ballistics
28:26 Bodkin Arrow
29:34 Thumb Ring
32:24 Heavy Plow
34:25 Leather Archer Armor
39:15 Imperial Age
39:17 Hand Cart
39:20 Arbalester
40:38 Bracer
40:58 Caravan
43:31 Two-Man Saw
44:34 Chemistry
aSaJean
10:50 Loom
13:23 Feudal Age
18:03 Castle Age
16:52 Scale Barding Armor
16:58 Forging
17:23 Double-Bit Axe
20:11 Husbandry
25:24 Bow Saw
27:07 Chain Barding Armor
33:10 Iron Casting
37:14 Imperial Age
35:56 Wheelbarrow
35:08 Horse Collar
35:44 Fletching
38:11 Cavalier
40:20 Plate Barding Armor
41:21 Heavy Camel Rider
46:41 Light Cavalry
47:57 Hussar
Connection lost

Rejoining the realm…

Still unreachable

The connection could not be restored.

Session expired

The server has moved on; the page needs a fresh start.